 Dungeon Crawl Stone Soup version 0.16-a0-3171-gce70061 (webtiles) character file.

182 Ololoev the Slasher (level 5, -12/41 HPs)
             Began as a Mummy Chaos Knight on Dec 16, 2014.
             Was a Plaything of Xom.
             Killed by divine providence
             ... invoked by an orc priest
              (16 damage)
             ... on level 3 of the Dungeon.
             The game lasted 00:05:03 (3588 turns).

Ololoev the Slasher (Mummy Chaos Knight)            Turns: 3588, Time: 00:05:03

Health: -12/41     AC:  5    Str: 16    XL:     5   Next: 34%
Magic:  5/5        EV: 11    Int: 11    God:    Xom [*.....]
Gold:   167        SH:  0    Dex: 11    Spells: 0 memorised, 4 levels left

rFire  x . .     SeeInvis .     a - +0 falchion (chaos)
rCold  + . .     Clarity  .     b - +2 leather armour
rNeg   + + +     SustAb   .     (no shield)
rPois  ∞         Gourm    .     (no helmet)
rElec  .         Spirit   .     (no cloak)
rCorr  .         Warding  .     (no gloves)
rMut   .         Stasis   .     (no boots)
MR     .....                    (no amulet)
Stlth  +.........               (no ring)
                                (no ring)

@: not resistant to hostile enchantments, very unstealthy
A: no food or potions, fire vulnerability, restore body, cold resistance 1,
negative energy resistance 3, poison resistance, torment resistance, unbreathing
a: Renounce Religion


You were on level 3 of the Dungeon.
You worshipped Xom.
You were a special plaything of Xom.
You were not hungry.

You visited 1 branch of the dungeon, and saw 3 of its levels.

You collected 167 gold pieces.

Notes
Turn   | Place    | Note
--------------------------------------------------------------
     0 | D:1      | Ololoev, the Mummy Chaos Knight, began the quest for the Orb.
     0 | D:1      | Reached XP level 1. HP: 18/18 MP: 1/1
    55 | D:1      | XOM: potion effect (might)
   244 | D:1      | XOM: harmless Conj miscast
   571 | D:1      | Reached XP level 2. HP: 20/24 MP: 2/2
   602 | D:1      | XOM: silly message
   751 | D:2      | Found a sparkling altar of Nemelex Xobeh.
   938 | D:2      | Reached XP level 3. HP: 13/29 MP: 3/3
   953 | D:2      | XOM: divination: detect creatures
  1165 | D:2      | Found a white marble altar of Elyvilon.
  1753 | D:3      | XOM: silly message
  2065 | D:3      | XOM: silly message
  2301 | D:3      | XOM: divination: detect items
  2319 | D:3      | XOM: harmless Necr miscast
  2328 | D:3      | XOM: harmless Pois miscast
  2482 | D:3      | XOM: medium Conj miscast
  2665 | D:3      | XOM: 1-stop teleportation journey
  2677 | D:3      | Reached XP level 4. HP: 28/35 MP: 4/4
  2679 | D:3      | XOM: chaos upgrade
  3062 | D:3      | Reached skill level 4 in Long Blades
  3072 | D:3      | Noticed a scorpion
  3087 | D:3      | Killed a scorpion
  3087 | D:3      | Reached XP level 5. HP: 31/41 MP: 5/5
  3577 | D:3      | XOM: mild Fire miscast
  3588 | D:3      | Killed from afar by an orc priest

Inventory:

Hand weapons
 a - a +0 falchion of chaos (weapon)
Armour
 b - a +2 leather armour (worn)
Jewellery
 h - an uncursed ring of ice {unknown}
 i - an uncursed ring of protection from cold {unknown}
Scrolls
 c - 2 scrolls of identify {unknown}
 d - 2 scrolls of remove curse {unknown}
 e - a scroll of recharging {unknown}
 f - a scroll of fog {unknown}
 g - 2 scrolls of enchant weapon {unknown}
 j - a scroll of amnesia {unknown}

Table legend:
 A = Turns spent in this place as a percentage of turns spent in the entire game.
 B = Non-inter-level travel turns spent in this place as a percentage of non-inter-level travel turns spent in the entire game.
 C = Inter-level travel turns spent in this place as a percentage of turns spent in this place.
 D = Turns resting spent in this place as a percentage of non-inter-level travel turns spent in this place.
 E = Turns spent auto-exploring this place as a percentage of non-inter-level travel turns spent in this place.
 F = Non-inter-level travel turns spent in this place divided by the number of levels of this place that you've seen.
                   A       B       C       D       E      F
               +-------+-------+-------+-------+-------+----------------------
         Total | 100.0 | 100.0 |   0.2 |   4.7 |   8.0 | 414.3
       Dungeon | 100.0 | 100.0 |   0.2 |   4.7 |   8.0 | 414.3
               +-------+-------+-------+-------+-------+----------------------


   Skills:
 - Level 3.0 Fighting
 * Level 4.3 Long Blades
 + Level 3.0 Armour
 - Level 0.7 Dodging


You had 4 spell levels left.
You didn't know any spells.

Dungeon Overview and Level Annotations

Branches:
Dungeon (3/15)

Altars:
Elyvilon
Nemelex Xobeh


Innate Abilities, Weirdness & Mutations

You do not eat or drink.
Your flesh is vulnerable to fire.
Your flesh is cold resistant.
You are immune to negative energy.
Your system is resistant to poisons.
You are immune to unholy pain and torment.
You can survive without breathing.


Message History

You start resting.
You barely miss the orc priest.
Xom's attention turns to you for a moment.
Flames sear your flesh.
The orc priest invokes the aid of Beogh against you.
Something smites you!
You hit the orc priest but do no damage.
The orc priest closely misses you.
You barely miss the orc priest. The orc priest barely misses you.
You hit the orc priest.
The orc priest is lightly wounded.
The orc priest hits you with a flail.
You closely miss the orc priest.
The orc priest is lightly wounded.
The orc priest calls down the wrath of Beogh upon you.
You are unaffected.
You completely miss the orc priest.
The orc priest is lightly wounded.
The orc priest's eyes start to glow.
You barely miss the orc priest.
The orc priest is lightly wounded.
The orc priest closely misses you.
You barely miss the orc priest.
The orc priest is lightly wounded.
The orc priest looks braver.
You closely miss the orc priest.
The orc priest is lightly wounded.
The orc priest hits you with a flail.
You hit the orc priest. You freeze the orc priest.
The orc priest is heavily wounded.
The orc priest barely misses you.
You barely miss the orc priest.
The orc priest is heavily wounded.
The orc priest barely misses you.
You hit the orc priest.
The orc priest is almost dead.
The orc priest calls down the wrath of Beogh upon you.
Something smites you!
You die...
Xom titters!

#.####.)# #.......)#.#
#.####..##########.#.##
#.........# #.#..# ####[#.##.#
#.##.# #.#.##.## #.##.# ###
#.#.....#######.##.# ..#
#.####..#..........# #.#
#..##.....##.#..#..# # #.####
#.%..o@.#.#........####
..#.##.########)#.........#.#....
#.#.#.....# #.###o....%##.#.###
#......)..# #.............#.##.
....##(#..### #####...#######.##.
######(#....# #...# #....
#(##.#.# #...##########. ####
#(##.#.# #...##......##. ...#
#(##.#.#######÷..##.####.##.


You could see an orc priest and an orc (wandering).

Table legend:
 A = Kills in this place as a percentage of kills in entire the game.
 B = Kills by you in this place as a percentage of kills by you in the entire game.
 C = Kills by friends in this place as a percentage of kills by friends in the entire game.
 D = Other kills in this place as a percentage of other kills in the entire game.
 E = Experience gained in this place as a percentage of experience gained in the entire game.
 F = Experience gained in this place divided by the number of levels of this place that you have seen.
                   A       B       C       D       E      F
               +-------+-------+-------+-------+-------+----------------------
         Total | 100.0 | 100.0 |  -nan | 100.0 | 100.0 |  86.7
       Dungeon | 100.0 | 100.0 |  -nan | 100.0 | 100.0 |  86.7
               +-------+-------+-------+-------+-------+----------------------

Vanquished Creatures
  A scorpion (D:3)
  An orc wizard (D:3)
  An adder (D:3)
  2 gnolls (D:3)
  A worm (D:2)
  4 giant geckos
  9 orcs (D:3)
  6 bats
  9 goblins
  6 hobgoblins
  2 jackals (D:2)
  2 ball pythons (D:2)
  2 giant cockroaches (D:3)
  A giant newt (D:2)
  7 kobolds
  10 rats
64 creatures vanquished.

Vanquished Creatures (others)
  A kobold (D:2)
1 creature vanquished.

Grand Total: 65 creatures vanquished

Action                   |  1- 3 |  4- 6 || total
-------------------------+-------+-------++-------
Melee: Falchion          |   147 |   108 ||   255
 Stab: Petrifying        |     2 |       ||     2

Vault maps used:
D:1:      scummos_arrival_simple_fountains, baited_tele_trap
D:2:      nicolae_overflow_crystal_walls, overflow_temple_1_default
D:3:      first_bread, uniq_terence
